 Dungeon Crawl Stone Soup version 0.27-a0-1332-g84bddb5ca7 (webtiles) character file.

Game seed: 8527286997257888147

42 pokeman the Magician (level 3, -1/20 HPs)
             Began as a Deep Elf Hedge Wizard on June 25, 2021.
             Slain by Terence (3 damage)
             ... on level 2 of the Dungeon.
             The game lasted 00:03:55 (1656 turns).

pokeman the Magician (Deep Elf Hedge Wizard)        Turns: 1656, Time: 00:03:55

Health: -1/20      AC:  5    Str:  7    XL:     3   Next: 33%
Magic:  0/11       EV: 12    Int: 19    God:
Gold:   40         SH:  0    Dex: 14    Spells: 1/12 levels left

rFire    . . .     SeeInvis .   h - +2 hand axe (pain)
rCold    . . .     Faith    .   (no shield)
rNeg     . . .     Spirit   .   b - +0 robe
rPois    .         Reflect  .   c - +0 hat
rElec    .         Harm     .   (no cloak)
rCorr    .         Rampage  .   d - +2 pair of gloves {Stlth+}
Will     .....                  (no boots)
Stlth    +++.......             (no amulet)
HPRegen  0.06/turn              (no ring)
MPRegen  0.12/turn              (no ring)

@: no status effects
A: no striking features
a: no special abilities


You were on level 2 of the Dungeon.
You visited 1 branch of the dungeon, and saw 2 of its levels.

You collected 40 gold pieces.

Inventory:

Hand Weapons
 h - a +2 hand axe of pain (weapon)
Missiles
 a - 9 arrows
Armour
 b - a +0 robe (worn)
 c - a +0 hat (worn)
 d - a +2 pair of gloves of stealth (worn)
Jewellery
 l - an amulet of magic regeneration
Scrolls
 f - a scroll of fear {unknown}
 g - a scroll of magic mapping {unknown}
 i - a scroll of immolation
 k - a scroll of amnesia {unknown}
Potions
 e - a potion of might {unknown}
 j - a potion of curing {unknown}


   Skills:
 + Level 0.8 Fighting
 + Level 0.9 Armour
 - Level 2.4 Dodging
 - Level 2.4 Stealth
 * Level 5.2 Spellcasting
 + Level 1.8 Conjurations
 - Level 1.1 Summonings
 - Level 1.1 Translocations


You had one spell level left.
You knew the following spells:

 Your Spells              Type           Power      Damage    Failure   Level
a - Magic Dart            Conj           48%        1d5       5%          1
b - Mephitic Cloud        Conj/Pois/Air  7%         N/A       28%         3
c - Call Imp              Summ           9%         N/A       12%         2
d - Blink                 Tloc           N/A        N/A       12%         2
e - Conjure Flame         Conj/Fire      8%         6-21      26%         3

Your spell library contained the following spells:

 Spells                   Type           Power      Damage    Failure   Level
 Slow                     Hex            4%         N/A       19%         2


Dungeon Overview and Level Annotations

Branches:
Dungeon (2/15)

Altars:

Annotations:
D:2 Terence


Message History

The giant cockroach barely misses your crimson imp.
Your crimson imp blinks!
Your crimson imp blinks!
Terence misses your crimson imp.
Terence hits your crimson imp with a +0 hand axe.
Your crimson imp blinks!
Your crimson imp blinks!
You hit the giant cockroach.
You kill the giant cockroach!
Your crimson imp disappears in a puff of smoke!
Terence shouts, "Now you die!"
Your crimson imp blinks!
Casting: Call Imp (safe; 12% risk of failure)
Confirm with . or Enter, or press ? or * to list all spells.
You blink.
Your crimson imp disappears in a puff of smoke!
Casting: Blink (safe; 12% risk of failure)
Confirm with . or Enter, or press ? or * to list all spells.
You miscast Call Imp.
You are very lightly contaminated with residual magic.
Nothing appears to happen.
Found a brown potion.
Your magical contamination has completely faded away.
A bat comes into view.
The bat moves out of view.
You hit the bat.
You kill the bat!
You hit Terence but do no damage. Terence barely misses you.
Casting: Call Imp (safe; 12% risk of failure)
Confirm with . or Enter, or press ? or * to list all spells.
You blink.
Terence hits you with a +0 hand axe.
* * * LOW HITPOINT WARNING * * *
Terence asks, "Do you want it fast or slow?"
Terence hits you with a +0 hand axe.
* * * LOW HITPOINT WARNING * * *
Casting: Blink (safe; 12% risk of failure)
Confirm with . or Enter, or press ? or * to list all spells.
A beastly little devil appears in a puff of flame.
Terence hits you with a +0 hand axe.
You die...

#................
#................
#................
#....<...........
#................
####.............
#.............
#######.....#######.
#####5@@....##### #.
#######.....#######
.. #........#### ##
#.######.# #.# #!#
#.# #.# #.# ..#
###.### .## #.#.#P#
.


You could see Terence (ally target) and a friendly crimson imp (summoned).

Vanquished Creatures
  2 dart slugs
  4 ball pythons
  5 bats
  2 endoplasms (D:1)
  4 giant cockroaches
  4 goblins
  2 hobgoblins (D:1)
  2 quokkas (D:1)
  5 frilled lizards
  2 kobolds (D:1)
  4 rats
36 creatures vanquished.

Notes
Turn   | Place    | Note
-------+----------+-------------------------------------------
     0 | D:1      | pokeman the Deep Elf Hedge Wizard began the quest for the
                  | Orb.
     0 | D:1      | Reached XP level 1. HP: 10/10 MP: 7/7
   418 | D:1      | Reached XP level 2. HP: 15/15 MP: 5/9
   813 | D:1      | Found a faded altar of an unknown god.
   930 | D:1      | Reached skill level 5 in Spellcasting
  1133 | D:1      | Reached XP level 3. HP: 20/20 MP: 9/11
  1137 | D:1      | Learned a level 3 spell: Mephitic Cloud
  1140 | D:1      | Learned a level 2 spell: Call Imp
  1143 | D:1      | Learned a level 2 spell: Blink
  1147 | D:1      | Learned a level 3 spell: Conjure Flame
  1555 | D:2      | Noticed Terence
  1647 | D:2      | HP: 1/20 [Terence (4)]
  1656 | D:2      | Slain by Terence

Illustrated notes

Levels and vault maps discovered:
D:1:      heliophobic_arrival_enchanted_forest, layout_basic,
          hellmonk_ecumenical_altar_blasted
D:2:      layout_rooms, serial_aquarium, aquarium_bridge_square
          [aquarium_subvault_bridge, aquarium_subvault_window,
          aquarium_subvault_wall, aquarium_subvault_bridge],
          aquarium_bridge_square [aquarium_subvault_bridge,
          aquarium_subvault_balcony, aquarium_subvault_bridge,
          aquarium_subvault_balcony], aquarium_window_corner,
          aquarium_window_fake, aquarium_window_fake, aquarium_view_2c,
          aquarium_balcony_double_1, uniq_terence, uniq_jessica, uniq_sigmund,
          uniq_crazy_yiuf_cottage

Skill      XL: |  1  2 |
---------------+-------+-----
Spellcasting   | 5 |  5.2
Fighting       | |  0.8
Armour         | |  0.9
Dodging        | |  2.4
Stealth        | |  2.4
Conjurations   | |  1.8
Summonings     | |  1.1
Translocations | |  1.1

Action                   || total
-------------------------++-------
Melee: Hand axe          ||    10
 Cast: Magic Dart        ||    77
       Call Imp          ||     3
       Mephitic Cloud    ||     2
       Blink             ||     2
       Conjure Flame     ||     1
Armor: Robe              ||     5
Dodge: Dodged            ||    15

Table legend: (Time is in decaauts)
 A = Elapsed time spent in this place.
 B = Non-inter-level travel time spent in this place.
 C = Inter-level travel time spent in this place.
 D = Time resting spent in this place.
 E = Time spent auto-exploring this place.
 F = Levels seen in this place.
 G = Mean time per level.
                   A        B        C        D        E       F      G
               +--------+--------+--------+--------+--------+-----+--------+
         Total |   1657 |   1639 |     18 |     24 |   1342 |   2 |  828.5 |
       Dungeon |   1657 |   1639 |     18 |     24 |   1342 |   2 |  828.5 |
               +--------+--------+--------+--------+--------+-----+--------+

Top non-repeatable levels by time:
     D:1: 1381 daAuts
     D:2: 275 daAuts
